Map: Вечная империя РВ

Players

Doll

  • Race: Protoss Protoss
  • Spawn Location: 1:00

ИИ 1 (знаток) - Winner!

  • Race: Terran Terran
  • Spawn Location: 7:00

VOD

Have the link to the VOD?

Description

Time

  • Played on: May 5, 2020, 1:14 p.m.
  • Length: 4:11
Show
View Real Time Build Order
Export as new Build Order

Doll Protoss 

Build Orders:  

Get SALT Encoding   

  12  0:02  Probe  
  13  0:14  Probe  
  14  0:20  Pylon  
  14  0:26  Probe  
  15  0:38  Gateway  
  15  0:39  Probe (Chrono Boost)  
  16  0:48  Probe (Chrono Boost)  
  17  0:55  Probe  
  17  0:56  Gateway  
  18  1:06  Pylon  
  18  1:10  Probe  
  19  1:20  Gateway  
  19  1:25  Zealot  
  21  1:32  Probe  
  22  1:43  Zealot  
  24  1:48  Assimilator  
  24  1:52  Zealot  
  26  1:56  Cybernetics Core, Probe  
  27  2:06  Pylon  
  27  2:08  Zealot  
  29  2:13  Zealot  
  31  2:24  Zealot  
  31  2:29  Pylon  
  33  2:35  Zealot  
  35  2:50  Assimilator, Stalker  
Show
View Real Time Build Order
Export as new Build Order

ИИ 1 (знаток) Terran - Winner!

Build Orders:  

Get SALT Encoding   

  12  0:00  SCV  
  13  0:13  SCV  
  14  0:18  Supply Depot  
  14  0:25  SCV  
  15  0:40  SCV  
  16  0:43  Barracks  
  16  0:49  Refinery  
  16  0:52  SCV  
  17  1:04  SCV  
  18  1:16  SCV  
  19  1:22  Supply Depot  
  19  1:29  SCV  
  19  1:30  Marine  
  21  1:42  Barracks, Orbital Command  
  21  1:49  Barracks Tech Lab  
  21  1:51  Refinery  
  21  2:07  Marine  
  22  2:12  Supply Depot  
  22  2:25  Marauder  
  22  2:29  Marine  
  25  2:46  Marauder  
  25  2:47  Marine  
  25  2:48  Supply Depot  
  28  3:05  Marine  
  28  3:08  Marauder  
  31  3:16  Supply Depot  
  31  3:23  Marine  
  31  3:25  SCV  
  33  3:29  Marauder  
  35  3:37  SCV  
  35  3:38  Engineering Bay  
  35  3:41  Marine  
  33  3:49  SCV  
Tags
 
Add a new tag
Caveats
  • Supply blocks, unpowered buildings, or Contaminate may cause inaccurate times.
  • Supply counts are checked every 10 seconds.